 Dungeon Sprint DCSS version 0.30-a0-457-g4b7bca3bfa (webtiles) character file.

Game seed: 8546319237811882635

50208 SmokeWeed the Shatterer (level 14, -2/147 HPs)
             Began as a Minotaur Gladiator on Dec 13, 2022.
             Was the Champion of Okawaru.
             Killed from afar by a tengu reaver (29 damage)
             ... with a bolt of fire
             ... in the Dungeon (Sprint IX: "|||||||||||||||||||||||||||||").
             The game lasted 00:26:49 (2613 turns).

SmokeWeed the Shatterer (Minotaur Gladiator)        Turns: 2613, Time: 00:26:49

Health: -2/147     AC: 24    Str: 33    XL:     14   Next: 18%
Magic:  17/22      EV: 23    Int:  5    God:    Okawaru [******]
Gold:   1406       SH:  0    Dex: 18    Spells: 13/13 levels left

rFire   . . .      SeeInvis .    D - +5 dire flail of Ash {venom, Str+4 Dex+5}
rCold   . . .      Faith    .    (shield currently unavailable)
rNeg    . . .      Spirit   .    F - +5 chain mail {rPois}
rPois   +          Reflect  .    c - +0 hat
rElec   .          Harm     .    r - +0 cloak
rCorr   .          Rampage  .    (no gloves)
Will    +....      NoTele   +    s - +0 pair of boots
Stlth   +++.......               (no amulet)
HPRegen 0.44/turn                u - +2 ring of evasion
MPRegen 0.18/turn                E - ring "Picoacemp" {Str+6 Slay+2}

@: heroic, finesse-ful
A: horns 2, retaliatory headbutt
a: Renounce Religion, Heroism, Finesse


You were in the Dungeon.
You worshipped Okawaru.
Okawaru was exalted by your worship.
You visited 1 branch You collected 1920 gold pieces.
You spent 514 gold pieces at shops.

Inventory:

Hand Weapons
 p - a +2 vorpal morningstar
 q - a +4 spectral quarterstaff
 A - a +1 great sword of holy wrath
 B - a +2 shortbow of freezing
 C - a +2 vorpal great mace
 D - the +5 dire flail of Ash (weapon) {venom, Str+4 Dex+5}
   (Okawaru gifted it to you in the Dungeon)

   It poisons the flesh of those it strikes.
   Str:       It affects your strength (+4).
   Dex:       It affects your dexterity (+5).
Missiles
 a - 4 poisoned darts
 b - 4 stones
 d - an atropa-tipped dart (quivered)
 l - 4 boomerangs
Armour
 c - a +0 hat (worn)
 r - a +0 cloak (worn)
 s - a +0 pair of boots (worn)
 t - a +1 scale mail
 x - a +2 ring mail of poison resistance
 F - a +5 chain mail of poison resistance (worn)
Jewellery
 u - a +2 ring of evasion (left hand)
 v - a +3 ring of strength
 E - the ring "Picoacemp" (right hand) {Str+6 Slay+2}
   (You bought it in a shop in the Dungeon)

   [ring of strength]

   Str:       It affects your strength (+6).
   Slay:      It affects your accuracy & damage with ranged weapons and melee
   (+2).
Wands
 o - a wand of acid (2)
Scrolls
 k - 5 scrolls of blinking
 n - 2 scrolls of amnesia
 z - a scroll of identify
 H - a scroll of fear
 I - a scroll of fog
 J - 2 scrolls of enchant weapon
Potions
 f - 7 potions of curing
 g - 4 potions of heal wounds
 h - 2 potions of haste
 i - 4 potions of magic
 j - 3 potions of berserk rage
 m - a potion of invisibility
 w - 2 potions of brilliance
 G - a potion of might


   Skills:
 + Level 19.6(24.6) Fighting
 + Level 24.9(27) Maces & Flails
 + Level 16.3(21.3) Throwing
 + Level 15.8(20.8) Armour
 + Level 15.1(20.1) Dodging
 + Level 10.5(15.5) Stealth
 + Level 12.4 Invocations
 + Level 5.7 Evocations


You had 13 spell levels left.
You didn't know any spells.
Your spell library was empty.

Dungeon Overview and Level Annotations

Branches:
Dungeon (1/1)

Altars:
Cheibriados
Dithmenos
Elyvilon
Fedhas
Gozag
Hepliaklqana
Kikubaaqudgha
Makhleb
Nemelex Xobeh
Okawaru
Qazlal
Ru
Sif Muna
Trog
Uskayaw
Vehumet
Wu Jian
Xom
Yredelemnul
Zin
The Shining One
Jiyva
Lugonu

Shops:
D =(?=


Innate Abilities, Weirdness & Mutations

You have a pair of horns on your head.
You reflexively headbutt those who attack you in melee.


Message History

* * * LOW HITPOINT WARNING * * *
The fire dragon misses you.
You sock the fire dragon!
The fire dragon is severely wounded.
You hit the fire dragon.
The fire dragon looks as sick as possible!
The fire dragon is almost dead.
The fire dragon breathes flames at you. The blast of flame misses you.
You can now deal lightning-fast blows.
The fire dragon bites you but does no damage.
The fire dragon claws you!
* * * LOW HITPOINT WARNING * * *
The fire dragon tramples you but does no damage.
You impale the fire dragon!!
You kill the fire dragon!
Okawaru accepts your kill.
The tengu reaver points at you and mumbles some strange words.
The bolt of acid misses you.
The tengu reaver hits you but does no damage.
The tengu reaver pecks you.
* * * LOW HITPOINT WARNING * * *
The tengu reaver claws you but does no damage.
Items here: ( )) [ †.
You closely miss the tengu reaver. Your headbutt misses the tengu reaver.
You puncture the tengu reaver!
The tengu reaver is poisoned.
You headbutt the tengu reaver!
The tengu reaver is moderately wounded.
You impale the tengu reaver!!
The tengu reaver looks as sick as possible!
The tengu reaver is severely wounded.
The tengu reaver hits you with a +0 great sword!
* * * LOW HITPOINT WARNING * * *
The tengu reaver pecks you.
* * * LOW HITPOINT WARNING * * *
The tengu reaver barely misses you.
You feel much better.
The tengu reaver points at you and mumbles some strange words.
The bolt of fire hits you!!
You die...

▓▓▓▓▓▓▓▓▓▓▓▓▓▓▓▓▓▓▓▓▓▓▓▓
)..(..Q@)...............
▓▓▓▓▓▓▓▓▓▓▓▓▓▓▓▓▓▓▓▓▓▓▓▓▓▓▓▓▓▓▓▓.
.................................
▓▓▓▓▓▓▓▓▓▓▓▓▓▓▓▓▓▓▓▓▓▓▓▓▓▓▓▓▓▓▓▓▓
†)..)).'...))†.)†'...............
▓▓▓▓▓▓▓▓▓▓▓▓▓▓▓▓▓▓▓▓▓▓▓▓▓▓▓▓▓▓▓▓.
........[........................
▓▓▓▓▓▓▓▓▓▓▓▓▓▓▓▓▓▓▓▓▓▓▓▓▓▓▓▓▓▓▓▓▓
.[[[[.[[[.)))))))).===='.........


You could see a tengu reaver (extremely poisoned).

Vanquished Creatures
  A lich (D)
  A fire giant (D)
  An emperor scorpion (D)
  A frost giant (D)
  A broodmother (D)
  A very ugly thing (D)
  3 stone giants (D)
  2 dire elephants (D)
  Snorg (D)
  An ettin (D)
  A merfolk impaler (D)
  2 fire dragons (D)
  An ice dragon (D)
  A jorogumo (D)
  A merfolk avatar (D)
  4 hydras (D)
  5 ogre magi (D)
  2 catoblepae (D)
  An alligator snapping turtle (D)
  An anaconda (D)
  A boulder beetle (D)
  A centaur warrior (D)
  2 deep troll shamans (D)
  An orc high priest (D)
  2 tengu warriors (D)
  2 naga sharpshooters (D)
  A deep troll earth mage (D)
  A skeletal warrior (D)
  A sun moth (D)
  2 glowing orange brains (D)
  4 deep trolls (D)
  A swamp dragon (D)
  A bog body (D)
  2 wizards (D)
  2 orc knights (D)
  A deep elf pyromancer (D)
  2 wolf spiders (D)
  A will-o-the-wisp (D)
  2 ugly things (D)
  A manticore (D)
  A moth of wrath (D)
  A cyclops (D)
  4 black mambas (D)
  6 elephants (D)
  2 merfolk sirens (D)
  A naga mage (D)
  Maurice (D)
  4 cane toads (D)
  An unseen horror (D)
  A kobold demonologist (D)
  An efreet (D)
  2 demonic crawlers (D)
  A komodo dragon (D)
  3 trolls (D)
  A hornet (D)
  2 snapping turtles (D)
  A slime creature (D)
  2 tyrant leeches (D)
  2 blink frogs (D)
  A spriggan (D)
  2 basilisks (D)
  Grum (D)
  A vampire mosquito (D)
  A naga (D)
  3 water moccasins (D)
  10 orc warriors (D)
  3 wolves (D)
  An ogre (D)
  2 centaurs (D)
  3 bullfrogs (D)
  2 scorpions (D)
  A killer bee (D)
  A howler monkey (D)
  2 orc priests (D)
  An iguana (D)
  4 orc wizards (D)
  2 adders (D)
  A dart slug (D)
  7 orcs (D)
  A kobold (D)
  A bat (D)
  A frilled lizard (D)
  A rat (D)
153 creatures vanquished.

Notes
Turn   | Place    | Note
-------+----------+-------------------------------------------
     0 | D        | SmokeWeed the Minotaur Gladiator began the quest for the
                  | Orb.
     0 | D        | Reached XP level 1. HP: 18/18 MP: 0/0
     6 | D        | Reached skill level 4 in Maces & Flails
    30 | D        | Noticed an iguana
    30 | D        | Noticed an ogre
    30 | D        | Noticed a scorpion
    35 | D        | Killed a scorpion
    36 | D        | Reached skill level 6 in Maces & Flails
    36 | D        | Reached XP level 2. HP: 26/27 MP: 1/1
    36 | D        | Reached XP level 3. HP: 32/33 MP: 2/2
    39 | D        | Killed an ogre
    40 | D        | Reached skill level 8 in Maces & Flails
    40 | D        | Reached skill level 1 in Armour
    40 | D        | Reached skill level 1 in Stealth
    40 | D        | Reached XP level 4. HP: 41/41 MP: 3/3
    40 | D        | Reached XP level 5. HP: 47/47 MP: 4/4
    44 | D        | Reached skill level 5 in Fighting
    46 | D        | Reached skill level 9 in Maces & Flails
    64 | D        | Found a snail-covered altar of Cheibriados.
    64 | D        | Found a shadowy altar of Dithmenos.
    64 | D        | Found a white marble altar of Elyvilon.
    64 | D        | Found a blossoming altar of Fedhas.
    64 | D        | Found an opulent altar of Gozag.
    65 | D        | Found a hazy altar of Hepliaklqana.
    66 | D        | Found a viscous altar of Jiyva.
    67 | D        | Found an ancient bone altar of Kikubaaqudgha.
    68 | D        | Found a corrupted altar of Lugonu.
    69 | D        | Found a burning altar of Makhleb.
    70 | D        | Found a sparkling altar of Nemelex Xobeh.
    71 | D        | Found an iron altar of Okawaru.
    72 | D        | Found a stormy altar of Qazlal.
    73 | D        | Found a sacrificial altar of Ru.
    74 | D        | Found a shimmering blue altar of Sif Muna.
    75 | D        | Found a bloodstained altar of Trog.
    76 | D        | Found a hide-covered altar of Uskayaw.
    77 | D        | Found a radiant altar of Vehumet.
    78 | D        | Found an ornate altar of the Wu Jian Council.
    79 | D        | Became a worshipper of Warmaster Okawaru
    80 | D        | Found a shimmering altar of Xom.
    81 | D        | Found a basalt altar of Yredelemnul.
    82 | D        | Found a glowing silver altar of Zin.
    83 | D        | Found a glowing golden altar of the Shining One.
   134 | D        | Noticed a centaur
   134 | D        | Noticed a vampire mosquito
   134 | D        | Noticed a centaur
   140 | D        | Killed a centaur
   141 | D        | Reached skill level 10 in Maces & Flails
   141 | D        | Reached XP level 6. HP: 39/57 MP: 5/5
   142 | D        | Reached skill level 5 in Throwing
   143 | D        | Killed an unseen horror
   143 | D        | Reached * piety under Okawaru
   143 | D        | Reached ** piety under Okawaru
   144 | D        | Reached skill level 12 in Maces & Flails
   144 | D        | Reached skill level 1 in Evocations
   144 | D        | Reached XP level 7. HP: 34/64 MP: 6/6
   144 | D        | Killed a vampire mosquito
   145 | D        | Reached skill level 10 in Dodging
   243 | D        | Noticed a centaur warrior
   243 | D        | Noticed a skeletal warrior
   243 | D        | Noticed a green ugly thing
   243 | D        | Noticed a basilisk
   243 | D        | Noticed a cyclops
   243 | D        | Noticed a kobold demonologist
   246 | D        | Killed a basilisk
   247 | D        | Reached skill level 13 in Maces & Flails
   247 | D        | Reached skill level 5 in Armour
   247 | D        | Killed a kobold demonologist
   247 | D        | Reached *** piety under Okawaru
   248 | D        | Reached XP level 8. HP: 73/73 MP: 4/7
   248 | D        | Killed a cyclops
   249 | D        | Reached skill level 14 in Maces & Flails
   251 | D        | Killed a green ugly thing
   251 | D        | Received a gift from Okawaru
   252 | D        | Reached XP level 9. HP: 66/81 MP: 4/8
   254 | D        | Killed a skeletal warrior
   254 | D        | Reached **** piety under Okawaru
   255 | D        | Reached skill level 15 in Maces & Flails
   255 | D        | Reached skill level 5 in Stealth
   263 | D        | Killed a centaur warrior
   264 | D        | Reached skill level 16 in Maces & Flails
   573 | D        | Noticed a cane toad
   573 | D        | Noticed a catoblepas
   576 | D        | Received a gift from Okawaru
   592 | D        | Killed a catoblepas
   593 | D        | Reached skill level 1 in Invocations
   593 | D        | Reached XP level 10. HP: 38/90 MP: 1/10
   593 | D        | Killed a cane toad
   596 | D        | Reached skill level 17 in Maces & Flails
   758 | D        | Noticed a seven-headed hydra
   758 | D        | Noticed a cane toad
   758 | D        | Noticed a cane toad
   760 | D        | Killed a cane toad
   761 | D        | Reached ***** piety under Okawaru
   762 | D        | Killed a cane toad
   763 | D        | Reached skill level 10 in Armour
   763 | D        | Killed a seven-headed hydra
   763 | D        | Received a gift from Okawaru
   764 | D        | Noticed a catoblepas
   768 | D        | Noticed a cane toad
   769 | D        | Received a gift from Okawaru
   770 | D        | Reached skill level 5 in Evocations
   776 | D        | Killed a catoblepas
   776 | D        | Received a gift from Okawaru
   786 | D        | Killed a cane toad
   799 | D        | Noticed a dire elephant
   799 | D        | Noticed an elephant
   799 | D        | Noticed an elephant
   799 | D        | Noticed an elephant
   799 | D        | Noticed an elephant
   799 | D        | Noticed an elephant
   805 | D        | Killed an elephant
   806 | D        | Reached skill level 18 in Maces & Flails
   806 | D        | Noticed a dire elephant
   810 | D        | Killed an elephant
   811 | D        | Reached skill level 10 in Fighting
   811 | D        | Reached skill level 10 in Throwing
   811 | D        | Reached XP level 11. HP: 95/99 MP: 6/13
   818 | D        | Killed a dire elephant
   819 | D        | Reached skill level 5 in Invocations
   828 | D        | Killed a dire elephant
  1112 | D        | Received a gift from Okawaru
  1142 | D        | Noticed an orc knight
  1154 | D        | Noticed an orc high priest
  1159 | D        | Killed an orc knight
  1182 | D        | Killed an orc high priest
  1183 | D        | Reached skill level 19 in Maces & Flails
  1365 | D        | Found Suphak's Jewellery Boutique.
  1365 | D        | Noticed a stone giant
  1365 | D        | Noticed an ogre mage
  1365 | D        | Noticed an ogre mage
  1365 | D        | Noticed a deep troll
  1367 | D        | Killed a deep troll
  1368 | D        | Noticed an ogre mage
  1369 | D        | Found Ajuim's Magic Scroll Shop.
  1369 | D        | Noticed an ogre mage
  1370 | D        | Killed an ogre mage
  1375 | D        | Killed a stone giant
  1375 | D        | Received a gift from Okawaru
  1378 | D        | Killed an ogre mage
  1379 | D        | Reached skill level 20 in Maces & Flails
  1379 | D        | Reached XP level 12. HP: 112/115 MP: 8/16
  1379 | D        | Found Ahaipnod's Antique Weapon Boutique.
  1382 | D        | Killed an ogre mage
  1387 | D        | Killed an ogre mage
  1388 | D        | Found Otisk's Jewellery Shop.
  1393 | D        | Received a gift from Okawaru
  1400 | D        | Reached ****** piety under Okawaru
  1402 | D        | Identified the +5 dire flail of Ash {venom, Str+4 Dex+5}
                  | (Okawaru gifted it to you in the Dungeon)
  1402 | D        | Received a gift from Okawaru
  1427 | D        | Noticed an ogre mage
  1431 | D        | Paralysed by an ogre mage for 3 turns
  1438 | D        | Killed an ogre mage
  1439 | D        | Reached skill level 21 in Maces & Flails
  1464 | D        | Bought the ring "Picoacemp" {Str+6 Slay+2} for 514 gold
                  | pieces
  1498 | D        | Noticed Grum
  1508 | D        | Killed Grum
  1638 | D        | Noticed a tengu warrior
  1638 | D        | Noticed a boulder beetle
  1642 | D        | Killed a boulder beetle
  1648 | D        | Killed a tengu warrior
  1649 | D        | Reached skill level 15 in Fighting
  1649 | D        | Noticed a deep troll shaman
  1649 | D        | Noticed a stone giant
  1651 | D        | Killed a deep troll shaman
  1652 | D        | Killed a stone giant
  1652 | D        | Identified the +1 plate armour "Ydito" {Drain Regen+ rCorr}
                  | (Okawaru gifted it to you in the Dungeon)
  1652 | D        | Received a gift from Okawaru
  1653 | D        | Reached skill level 22 in Maces & Flails
  1665 | D        | Noticed a tengu warrior
  1666 | D        | Noticed a lich
  1668 | D        | Noticed a red very ugly thing
  1668 | D        | Noticed an ice dragon
  1673 | D        | Killed a lich
  1683 | D        | Killed a red very ugly thing
  1686 | D        | Killed a tengu warrior
  1687 | D        | Reached XP level 13. HP: 110/129 MP: 13/19
  1695 | D        | Reached skill level 10 in Stealth
  1894 | D        | Noticed Snorg
  1900 | D        | Killed Snorg
  1944 | D        | Reached skill level 23 in Maces & Flails
  1944 | D        | Reached skill level 10 in Invocations
  2086 | D        | Noticed a merfolk impaler
  2100 | D        | Killed a merfolk impaler
  2107 | D        | Received a gift from Okawaru
  2170 | D        | Noticed a broodmother
  2170 | D        | Noticed an emperor scorpion
  2181 | D        | Killed an emperor scorpion
  2186 | D        | Killed a broodmother
  2186 | D        | Received a gift from Okawaru
  2208 | D        | Reached skill level 24 in Maces & Flails
  2434 | D        | Reached skill level 15 in Throwing
  2434 | D        | Reached skill level 15 in Armour
  2434 | D        | Reached skill level 15 in Dodging
  2508 | D        | Noticed Maurice
  2517 | D        | Killed Maurice
  2517 | D        | Received a gift from Okawaru
  2573 | D        | Noticed a fire giant
  2573 | D        | Noticed a stone giant
  2573 | D        | Noticed an ettin
  2573 | D        | Noticed a fire dragon
  2575 | D        | Killed an ettin
  2576 | D        | Killed a stone giant
  2576 | D        | Received a gift from Okawaru
  2577 | D        | Reached XP level 14. HP: 146/146 MP: 18/22
  2587 | D        | Noticed a frost giant
  2588 | D        | Killed a fire giant
  2588 | D        | Received a gift from Okawaru
  2599 | D        | Noticed a tengu reaver
  2601 | D        | Killed a frost giant
  2612 | D        | HP: 4/147 [tengu reaver/+0 great sword (15)]
  2612 | D        | HP: 1/147 [tengu reaver/+0 great sword (3)]
  2613 | D        | Killed from afar by a tengu reaver

Illustrated notes

Levels and vault maps discovered:
D:        linesprint [early_d, line_temple, items_1, d_10, items_2, lair_1,
          lair_end, items_3, orc_1, orc_end, items_4, d_15, swamp_1, shoals_1,
          snake_1, spider_1, d_20, vaults_1, items_5, swamp_end, shoals_end,
          snake_end, spider_end, vaults_end, d_27, items_6, zot_1, zot_end,
          crypt_end, forest_end, elf_end, slime_end, tomb_end, abyss_end,
          pan_hell_end]

Skill      XL: |  1  2  3  4  5  6  7  8  9 10 11 12 13 14 |
---------------+-------------------------------------------+-----
Maces & Flails | 6 8 10 12 13 14 16 18 20 22 24 | 24.9
Dodging        | 6 7 8 9 10 11 12 13 14 15 | 15.1
Fighting       | 3 4 5 6 7 8 10 13 16 19 | 19.6
Throwing       | 3 4 6 7 8 10 11 12 15 16 | 16.3
Armour         | 1 2 4 5 6 8 11 12 13 15 | 15.8
Stealth        | 1 2 3 4 6 7 9 10 | 10.5
Evocations     | 1 2 4 5 |  5.7
Invocations    | 1 4 7 9 12 | 12.4

Action                   |  1- 3 |  4- 6 |  7- 9 | 10-12 | 13-15 || total
-------------------------+-------+-------+-------+-------+-------++-------
Melee: Flail             |    12 |    13 |       |       |       ||    25
       Headbutt          |     3 |     3 |     3 |    37 |    34 ||    80
       Morningstar       |       |     4 |    17 |    46 |       ||    67
       Punch             |       |       |     1 |     1 |       ||     2
       Great mace        |       |       |       |    72 |       ||    72
       Dire flail        |       |       |       |    30 |    91 ||   121
Throw: Throwing net      |     3 |       |     1 |     1 |     1 ||     6
       Javelin           |       |     2 |     3 |    22 |    22 ||    49
       Stone             |       |       |       |     4 |       ||     4
       Boomerang         |       |       |       |     8 |     4 ||    12
       Dart              |       |       |       |     2 |     1 ||     3
Invok: Heroism           |       |       |     3 |     6 |     5 ||    14
       Finesse           |       |       |     1 |     5 |     2 ||     8
Evoke: Wand              |       |     4 |     4 |       |       ||     8
  Use: Potion            |       |       |     1 |     1 |     2 ||     4
       Scroll            |       |       |       |     4 |       ||     4
 Stab: Held in net/web   |     3 |       |     1 |       |       ||     4
       Petrified         |       |       |       |     4 |       ||     4
       Sleeping          |       |       |       |     1 |       ||     1
Armor: Leather armour    |     2 |       |       |       |       ||     2
       Scale mail        |       |     7 |     7 |       |       ||    14
       Ring mail         |       |       |     6 |    27 |       ||    33
       Chain mail        |       |       |       |     2 |    35 ||    37
Dodge: Dodged            |     5 |    13 |    11 |    65 |    68 ||   162

Table legend: (Time is in decaauts)
 A = Elapsed time spent in this place.
 B = Non-inter-level travel time spent in this place.
 C = Inter-level travel time spent in this place.
 D = Time resting spent in this place.
 E = Time spent auto-exploring this place.
 F = Levels seen in this place.
 G = Mean time per level.
                   A        B        C        D        E       F      G
               +--------+--------+--------+--------+--------+-----+--------+
         Total |   2464 |   2464 |      0 |   1156 |     61 |   1 | 2464.0 |
       Dungeon |   2464 |   2464 |      0 |   1156 |     61 |   1 | 2464.0 |
               +--------+--------+--------+--------+--------+-----+--------+

Top non-repeatable levels by time:
       D: 2464 daAuts
